 Dungeon Sprint DCSS version 0.30-a0-219-gf2db51d15e (webtiles) character file.

Game seed: 728272018388944523

29087 rocky1 the End of an Era (level 13, -10/168 (174) HPs)
             Began as a Demonspawn Gladiator on Oct 8, 2022.
             Was the Champion of Qazlal.
             Mangled by a profane servitor
             ... wielding a +3 whip
              (14 damage)
             ... in the Dungeon (Sprint VII: "The Pits").
             The game lasted 00:17:00 (3314 turns).

rocky1 the End of an Era (Demonspawn Gladiator)     Turns: 3314, Time: 00:17:01

HP:   -10/168 (174) AC: 22    Str: 24    XL:     13   Next: 13%
MP:   6/26          EV: 13    Int: 11    God:    Qazlal [******]
Gold: 42            SH: 14    Dex: 15    Spells: 12/12 levels left

rFire   . . .      SeeInvis .    E - +0 demon trident (venom)
rCold   . . .      Faith    .    b - +0 buckler
rNeg    . . .      Spirit   .    k - +3 plate armour
rPois   .          Reflect  .    c - +0 helmet
rElec   .          Harm     .    q - +0 cloak
rCorr   .          Rampage  .    (no gloves)
Will    .....      NoTele   +    (boots unavailable)
Stlth   ..........               (no amulet)
HPRegen 0.48/turn                r - +3 ring of strength
MPRegen 0.20/turn                s - +3 ring of strength

@: berserking (expiring), lethally poisoned (-10 -> -29), wreathed by umbra,
lightly drained, repel missiles, very quick
A: hooves 3, demonic guardian 2, powered by death 2, weakness stinger 2, demonic
touch 2
a: Renounce Religion, Upheaval, Elemental Force, Disaster Area


You were in the Dungeon.
You worshipped Qazlal.
Qazlal was exalted by your worship.
You visited 1 branch You collected 42 gold pieces.

Inventory:

Hand Weapons
 l - a +3 spear of flaming
 p - a +0 vorpal trident
 u - a +2 halberd of protection
 E - a +0 demon trident of venom (weapon)
Missiles
 d - 7 throwing nets (quivered)
 e - a javelin
 D - 4 curare-tipped darts
Armour
 a - a +3 ring mail
 b - a +0 buckler (worn)
 c - a +0 helmet (worn)
 k - a +3 plate armour (worn)
 q - a +0 cloak (worn)
Jewellery
 r - a +3 ring of strength (left hand)
 s - a +3 ring of strength (right hand)
 y - a ring of willpower
 B - a ring of poison resistance
Wands
 v - a wand of mindburst (7)
 F - a wand of digging (6)
Scrolls
 n - 5 scrolls of amnesia
 o - a scroll of summoning
 t - a scroll of fog
 w - 2 scrolls of fear
 x - 4 scrolls of blinking
 A - a scroll of poison
Potions
 f - 7 potions of curing
 g - 17 potions of heal wounds
 h - 8 potions of haste
 i - 8 potions of magic
 j - 7 potions of berserk rage
 m - 2 potions of invisibility
 z - a potion of brilliance
 C - a potion of degeneration {unknown}
 G - 2 potions of mutation


   Skills:
 + Level 15.5 Fighting
 + Level 14.4 Polearms
 - Level 1.2 Ranged Weapons
 - Level 1.7 Throwing
 + Level 14.1 Armour
 + Level 14.4 Dodging
 + Level 6.9 Shields
 + Level 19.3 Invocations
 + Level 7.9 Evocations


You had 12 spell levels left.
You didn't know any spells.
Your spell library was empty.

Dungeon Overview and Level Annotations

Branches:
Dungeon (1/1)

Altars:
Ashenzari
Cheibriados
Dithmenos
Fedhas
Gozag
Hepliaklqana
Kikubaaqudgha
Makhleb
Nemelex Xobeh
Okawaru
Qazlal
Ru
Sif Muna
Trog
Uskayaw
Vehumet
Wu Jian
Xom
Yredelemnul
Jiyva
Lugonu


Innate Abilities, Weirdness & Mutations

You have hooves in place of feet.
A demonic guardian rushes to your aid.
You regenerate health from kills.
You have a tail ending in a sharp stinger.
Your touch may inflict irresistible damage on your foes.


Message History

You impale the profane servitor!! You kick the profane servitor!
The profane servitor is almost destroyed.
You feel sick.
The profane servitor hits you with a +3 whip!!
* * * LOW HITPOINT WARNING * * *
A demonic guardian appears!
The profane servitor draws strength from your injuries!
The profane servitor hits you but does no damage.
You miss the profane servitor. Your kick misses the profane servitor.
The profane servitor is almost destroyed.
You feel sick.
The profane servitor hits you but does no damage.
You block the profane servitor's attack.
Unknown command.
You miss the profane servitor. Your kick misses the profane servitor.
You tail-slap the profane servitor!
The profane servitor is almost destroyed.
You feel sick.
Unknown command.
You barely miss the profane servitor. Your kick misses the profane servitor.
Your tail-slap misses the profane servitor.
The profane servitor is almost destroyed.
You feel sick.
The profane servitor hits you with a +3 whip.
* * * LOW HITPOINT WARNING * * *
The profane servitor draws strength from your injuries!
The profane servitor hits you but does no damage.
Your orange demon is engulfed in poison gas.
Your orange demon is poisoned.
Your orange demon barely misses the profane servitor.
You miss the profane servitor. Your kick misses the profane servitor.
Your tail-slap misses the profane servitor.
The profane servitor is almost destroyed.
You feel sick.
The green draconian breathes poison at you.
The blast of poison engulfs you.
You are lethally poisoned!
* * * LOW HITPOINT WARNING * * *
The profane servitor hits you with a +3 whip!
You die...

#..# #..# #≈.#
#..# #[†# ##)'#
##○.○# ##☼§☼##
.###++###A@☼###
...).†≈)☼○○##.#
....).#○§4#..#
#..e###○.'..#
##...#d.≈#|.#
..#..d..≈..##.#
.d..........###
#++##.≈≈#≈.##
##.###..#


You could see a profane servitor (ally target), a green draconian (catching
breath), a deep elf demonologist and a friendly orange demon (summoned,
poisoned).

Vanquished Creatures
  Frances (D)
  A sphinx (D)
  A draconian monk (D)
  A draconian stormcaller (D)
  A draconian annihilator (D)
  2 war gargoyles (D)
  A green draconian (D)
  A deep elf annihilator (D)
  2 deep elf high priests (D)
  Harold (D)
  An ogre mage (D)
  A spriggan air mage (D)
  A merfolk avatar (D)
  An alligator snapping turtle (D)
  4 hell hogs (D)
  A naga warrior (D)
  A vampire mage (D)
  Sonja (D)
  A shadow wraith (D)
  A sixfirhy (D)
  A deep troll (D)
  A lindwurm (D)
  A phantasmal warrior (D)
  An orc knight (D)
  A swamp dragon (D)
  A wizard (D)
  2 orc sorcerers (D)
  A merfolk siren (D)
  A naga mage (D)
  An eye of devastation (D)
  A gargoyle (D)
  Joseph (D)
  A cane toad (D)
  Psyche (D)
  A yaktaur (D)
  A demonic crawler (D)
  A rime drake (D)
  A kobold demonologist (D)
  An efreet (D)
  2 hellwings (D)
  A red devil (D)
  A tyrant leech (D)
  A polar bear (D)
  5 blink frogs (D)
  A wind drake (D)
  A flying skull (D)
  A vampire (D)
  A ynoxinul (D)
  A wraith (D)
  A spriggan (D)
  A steam dragon (D)
  A basilisk (D)
  4 nagas (D)
  A warg (D)
  A water moccasin (D)
  An acid dragon (D)
  A floating eye (D)
  2 orc warriors (D)
  A swamp drake (D)
  An ogre (D)
  A phantom (D)
  A kobold brigand (D)
  A bullfrog (D)
  2 gnoll sergeants (D)
  2 hounds (D)
  A jelly (D)
  Crazy Yiuf (D)
  An orc priest (D)
  3 orc wizards (D)
  A hell rat (D)
  4 gnolls (D)
  2 adders (D)
  2 river rats (D)
  An adder zombie (D)
  An adder skeleton (D)
  5 orcs (D)
  A bat (D)
  A giant cockroach (D)
  3 jackals (D)
  A ball python skeleton (D)
  5 kobolds (D)
  2 rats (D)
117 creatures vanquished.

Notes
Turn   | Place    | Note
-------+----------+-------------------------------------------
     0 | D        | rocky1 the Demonspawn Gladiator began the quest for the
                  | Orb.
     0 | D        | Reached XP level 1. HP: 16/16 MP: 1/1
    45 | D        | Found a bloodstained altar of Trog.
    45 | D        | Found a shimmering blue altar of Sif Muna.
    45 | D        | Found a viscous altar of Jiyva.
    45 | D        | Found a hazy altar of Hepliaklqana.
    45 | D        | Found an opulent altar of Gozag.
    46 | D        | Found a basalt altar of Yredelemnul.
    46 | D        | Found a shimmering altar of Xom.
    46 | D        | Found an ornate altar of the Wu Jian Council.
    46 | D        | Found a sacrificial altar of Ru.
    46 | D        | Found a stormy altar of Qazlal.
    46 | D        | Found an iron altar of Okawaru.
    46 | D        | Found a sparkling altar of Nemelex Xobeh.
    46 | D        | Found a burning altar of Makhleb.
    46 | D        | Found a blossoming altar of Fedhas.
    46 | D        | Found a shadowy altar of Dithmenos.
    46 | D        | Found a snail-covered altar of Cheibriados.
    49 | D        | Found a corrupted altar of Lugonu.
    49 | D        | Found a radiant altar of Vehumet.
    50 | D        | Found an ancient bone altar of Kikubaaqudgha.
    50 | D        | Found a hide-covered altar of Uskayaw.
    50 | D        | Found a broken altar of Ashenzari.
    53 | D        | Became a worshipper of Qazlal Stormbringer
    69 | D        | Reached skill level 1 in Armour
   185 | D        | Reached * piety under Qazlal
   191 | D        | Reached skill level 1 in Invocations
   191 | D        | Discovered your monstrous ancestry.
   191 | D        | Gained mutation: You have a small tail. [demonic ancestry]
   191 | D        | Reached XP level 2. HP: 19/23 MP: 2/2
   212 | D        | Noticed a warg
   221 | D        | Killed a warg
   222 | D        | Reached skill level 5 in Polearms
   222 | D        | Reached skill level 4 in Invocations
   222 | D        | Gained mutation: Your touch may inflict minor irresistible
                  | damage on your foes. [demonic ancestry]
   222 | D        | Reached XP level 3. HP: 31/31 MP: 2/6
   222 | D        | Gained mutation: You have large cloven feet. [demonic
                  | ancestry]
   222 | D        | Reached XP level 4. HP: 38/38 MP: 2/7
   222 | D        | Reached ** piety under Qazlal
   227 | D        | Reached skill level 5 in Invocations
   227 | D        | Reached *** piety under Qazlal
   321 | D        | Reached skill level 5 in Fighting
   321 | D        | Reached skill level 5 in Dodging
   321 | D        | Gained mutation: You have hoof-like feet. [demonic
                  | ancestry]
   321 | D        | Reached XP level 5. HP: 44/44 MP: 1/9
   336 | D        | Reached **** piety under Qazlal
   337 | D        | Reached skill level 6 in Invocations
   428 | D        | Gained mutation: You have hooves in place of feet. [demonic
                  | ancestry]
   428 | D        | Reached XP level 6. HP: 52/52 MP: 0/11
   626 | D        | Noticed Harold
   629 | D        | Killed Harold
   630 | D        | Reached skill level 9 in Invocations
   630 | D        | Gained mutation: Your touch may inflict irresistible damage
                  | on your foes. [demonic ancestry]
   630 | D        | Reached XP level 7. HP: 43/61 MP: 2/14
   819 | D        | Noticed Crazy Yiuf
   837 | D        | Killed Crazy Yiuf
   874 | D        | Noticed a ynoxinul
   874 | D        | Noticed a wraith
   876 | D        | Reached skill level 10 in Invocations
   876 | D        | Reached XP level 8. HP: 68/68 MP: 11/15
   971 | D        | Noticed a cane toad
   976 | D        | Killed a cane toad
   977 | D        | Reached skill level 11 in Invocations
  1017 | D        | Noticed Psyche
  1019 | D        | Killed Psyche
  1060 | D        | Noticed a lindwurm
  1062 | D        | Noticed an efreet
  1063 | D        | Killed an efreet
  1064 | D        | Gained mutation: You regenerate a little health from kills.
                  | [demonic ancestry]
  1064 | D        | Reached XP level 9. HP: 77/77 MP: 13/17
  1069 | D        | Reached skill level 12 in Invocations
  1081 | D        | Killed a lindwurm
  1082 | D        | Reached skill level 10 in Fighting
  1266 | D        | Noticed an eye of devastation
  1266 | D        | Noticed a sixfirhy
  1267 | D        | Reached ***** piety under Qazlal
  1270 | D        | Killed a sixfirhy
  1270 | D        | Killed an eye of devastation
  1271 | D        | Reached skill level 10 in Polearms
  1271 | D        | Reached skill level 10 in Dodging
  1271 | D        | Reached skill level 13 in Invocations
  1424 | D        | Noticed an orc sorcerer
  1427 | D        | Noticed an alligator snapping turtle
  1458 | D        | Killed an orc sorcerer
  1459 | D        | Gained mutation: You regenerate health from kills. [demonic
                  | ancestry]
  1459 | D        | Reached XP level 10. HP: 21/87 MP: 5/20
  1467 | D        | Killed a shadow wraith
  1468 | D        | Reached skill level 10 in Armour
  1622 | D        | Killed an alligator snapping turtle
  1623 | D        | Reached skill level 14 in Invocations
  1817 | D        | Noticed a deep troll
  1818 | D        | Noticed a merfolk siren
  1823 | D        | Noticed an orc knight
  1825 | D        | Noticed a phantasmal warrior
  1826 | D        | Killed a deep troll
  1826 | D        | Noticed an orc sorcerer
  1828 | D        | Killed a merfolk siren
  1892 | D        | Killed an orc knight
  1893 | D        | Reached skill level 15 in Invocations
  1959 | D        | Killed an orc sorcerer
  1960 | D        | Gained mutation: You have a tail ending in a sharp stinger.
                  | [demonic ancestry]
  1960 | D        | Reached XP level 11. HP: 96/96 MP: 22/22
  1973 | D        | Killed a phantasmal warrior
  2220 | D        | Reached skill level 16 in Invocations
  2226 | D        | Reached ****** piety under Qazlal
  2310 | D        | Noticed a swamp dragon
  2321 | D        | Killed a swamp dragon
  2477 | D        | Noticed Joseph
  2488 | D        | Killed Joseph
  2489 | D        | Reached skill level 1 in Ranged Weapons
  2499 | D        | Noticed a spriggan air mage
  2508 | D        | Killed a spriggan air mage
  2509 | D        | Reached skill level 17 in Invocations
  2539 | D        | Noticed a naga warrior
  2543 | D        | Reached skill level 1 in Shields
  2549 | D        | Killed a naga warrior
  2806 | D        | Noticed a hell hog
  2807 | D        | Noticed a hell hog
  2808 | D        | Noticed a hell hog
  2808 | D        | Noticed a hell hog
  2815 | D        | Killed a hell hog
  2815 | D        | Killed a hell hog
  2815 | D        | Killed a hell hog
  2815 | D        | Killed a hell hog
  2816 | D        | Gained mutation: A weak demonic guardian rushes to your
                  | aid. [demonic ancestry]
  2816 | D        | Reached XP level 12. HP: 56/107 MP: 14/24
  2901 | D        | Noticed Sonja
  2915 | D        | Killed Sonja
  3058 | D        | Noticed a war gargoyle
  3062 | D        | Noticed a sphinx
  3063 | D        | Killed a war gargoyle
  3064 | D        | Reached skill level 5 in Evocations
  3068 | D        | Noticed a deep elf annihilator
  3068 | D        | Noticed an ogre mage
  3068 | D        | Noticed a deep elf high priest
  3069 | D        | Killed an ogre mage
  3069 | D        | Killed a deep elf high priest
  3069 | D        | Killed a vampire mage
  3069 | D        | Killed a deep elf annihilator
  3070 | D        | Reached skill level 18 in Invocations
  3072 | D        | Reached skill level 5 in Shields
  3072 | D        | Killed a sphinx
  3114 | D        | Noticed a green draconian monk
  3117 | D        | Noticed Frances
  3122 | D        | Noticed a deep elf high priest
  3126 | D        | Noticed a yellow draconian annihilator
  3127 | D        | Killed a green draconian monk
  3128 | D        | Reached skill level 15 in Fighting
  3129 | D        | Killed a deep elf high priest
  3131 | D        | Killed Frances
  3148 | D        | Killed a yellow draconian annihilator
  3149 | D        | Reached skill level 19 in Invocations
  3278 | D        | Noticed a green draconian
  3279 | D        | Noticed a green draconian
  3279 | D        | Noticed a white draconian stormcaller
  3284 | D        | Noticed a merfolk avatar
  3285 | D        | Noticed a profane servitor
  3286 | D        | Killed a merfolk avatar
  3286 | D        | Killed a white draconian stormcaller
  3287 | D        | Gained mutation: A demonic guardian rushes to your aid.
                  | [demonic ancestry]
  3287 | D        | Reached XP level 13. HP: 116/116 MP: 17/26
  3289 | D        | Noticed a deep elf demonologist
  3291 | D        | Noticed a war gargoyle
  3292 | D        | Killed a green draconian
  3292 | D        | Killed a war gargoyle
  3314 | D        | HP: 4/168 [green draconian/blast of poison (6)]
  3314 | D        | Mangled by a profane servitor

Illustrated notes

Levels and vault maps discovered:
D:        pitsprint [storerooms_1, entrance_room_1, metal_vault_7, armoury_2,
          mini_pit_1, grid_room_1, main_hall_1, silver_pit, the_coven_1,
          the_vestibule_1, steel_vault_3, golden_pit, hallway_of_sentries,
          crystal_vault_3, iron_vault_4, final_vault]

Skill      XL: |  1  2  3  4  5  6  7  8  9 10 11 12 |
---------------+-------------------------------------+-----
Polearms       | 3 5 6 7 8 9 10 11 13 14 | 14.4
Dodging        | 3 4 5 7 9 10 11 13 14 | 14.4
Armour         | 1 3 4 6 7 8 9 11 12 14 | 14.1
Invocations    | 1 4 5 6 9 10 11 13 15 17 19 | 19.3
Fighting       | 4 5 7 8 9 11 12 14 15 | 15.5
Ranged Weapons | 1 |  1.2
Evocations     | 4 7 |  7.9
Shields        | 3 6 |  6.9
Throwing       | |  1.7

Action                   |  1- 3 |  4- 6 |  7- 9 | 10-12 | 13-15 || total
-------------------------+-------+-------+-------+-------+-------++-------
Melee: Trident           |    28 |    24 |    22 |       |       ||    74
       Tailslap          |     2 |     2 |     8 |    33 |     1 ||    46
       Kick              |       |     6 |    13 |    48 |     2 ||    69
       Halberd           |       |       |    32 |   129 |       ||   161
       Demon trident     |       |       |       |    39 |    21 ||    60
Invok: Upheaval          |       |     8 |    14 |    27 |     2 ||    51
       Disaster Area     |       |       |     1 |     3 |     1 ||     5
  Use: Potion            |     1 |       |     3 |     5 |     1 ||    10
       Scroll            |       |       |     1 |       |       ||     1
Armor: Leather armour    |    12 |     3 |       |       |       ||    15
       Ring mail         |       |     5 |    30 |    11 |       ||    46
       Plate armour      |       |       |       |    44 |    12 ||    56
Dodge: Dodged            |    20 |    16 |    30 |    74 |     5 ||   145
       Repelled          |       |       |       |     2 |       ||     2
Block: Other             |       |     3 |     8 |    28 |       ||    39
       Buckler           |       |       |     5 |    14 |     5 ||    24

Table legend: (Time is in decaauts)
 A = Elapsed time spent in this place.
 B = Non-inter-level travel time spent in this place.
 C = Inter-level travel time spent in this place.
 D = Time resting spent in this place.
 E = Time spent auto-exploring this place.
 F = Levels seen in this place.
 G = Mean time per level.
                   A        B        C        D        E       F      G
               +--------+--------+--------+--------+--------+-----+--------+
         Total |   3274 |   3190 |     84 |   2138 |      0 |   1 | 3274.0 |
       Dungeon |   3274 |   3190 |     84 |   2138 |      0 |   1 | 3274.0 |
               +--------+--------+--------+--------+--------+-----+--------+

Top non-repeatable levels by time:
       D: 3274 daAuts
